cohdb
Replays
Latest Replays
All Replays
Popular Replays
Top Player Replays
Match Explorer
How It Works
Community
CoH3 Stats
Reddit
Sign in to upload your games and track your stats! →
Sign in with Steam
Match 42739933
Unlisted
Match 42739933
Overview
Messages
Build Orders
End
Construct Barracks
Selects Special Operations Battlegroup
Selects M29 Weasel Recon Vehicle
M29 Weasel Recon Vehicle
Riflemen Squad
Riflemen Squad
Construct Medical Station
Grenade Package
Selects Smoke Screen
Infantry Support Center
Construct Weapon Support Center
M1919 Machine Gun Team
Smoke Screen
M1918 Browning Automatic Rifles
Improved M9 Bazooka Rockets
Bazooka Squad
Selects SSF Commando Squad
SSF Commando Squad
~TAB~ THUND3RCHUNKY
tweaky
Biggestfoot
Spacemedic
0
0
Comments
sign in to comment!
No comments posted yet!